cohdb
Replays
Latest Replays
All Replays
Popular Replays
Top Player Replays
Match Explorer
How It Works
Community
CoH3 Stats
Reddit
Sign in to upload your games and track your stats! →
Sign in with Steam
Match 42519548
Unlisted
Match 42519548
Overview
Messages
Build Orders
End
Kradschützen Motorcycle Team
Panzergrenadier Squad
Panzergrenadier Squad
Construct Light Support Kompanie
MG34 Team
Fire Support Elements
2.5-tonne Medical Truck
Panzerjäger Mechanized Group
Pak 38 Anti-tank Gun Team
Flakvierling Half-track
Flakvierling Half-track
Pak 38 Anti-tank Gun Team
le.IG 18 Mechanized Group
Construct Mechanized Kompanie
8 Rad Armored Car
Assault Grenadier Squad
Assault Grenadier Squad
JanusOhneJ
Moree
Fighter x
qZeto
BIOHAZARD
Gorgolo
0
0
Comments
sign in to comment!
No comments posted yet!